Map: Frozen Temple

Players

alienware

  • Race: Terran Terran
  • League: Bronze

Gracz - Winner!

  • Race: Zerg Zerg
  • League: Bronze

VOD

Have the link to the VOD?

Description

Time

  • Played on: Sept. 3, 2016, 7:35 a.m.
  • Length: 23:34
Show
View Real Time Build Order
Export as new Build Order

alienware Terran 

Build Orders: MMM Bio 

Get SALT Encoding   

  12  0:00  SCV  
  13  0:13  SCV  
  14  0:18  Supply Depot  
  14  0:29  Refinery  
  14  0:31  SCV  
  15  0:47  SCV  
  15  0:48  Barracks  
  16  0:59  SCV  
  17  1:06  Barracks  
  17  1:11  SCV  
  18  1:20  Supply Depot  
  18  1:23  SCV  
  19  1:35  Orbital Command  
  19  1:36  Marine  
  20  1:48  Refinery  
  20  1:54  Marine  
  21  2:03  Barracks Tech Lab  
  21  2:07  SCV  
  22  2:12  Marine  
  23  2:19  SCV  
  24  2:30  Marine  
  24  2:31  SCV  
  24  2:34  Marine  
  27  2:42  Stimpack  
  27  2:47  Marine  
  28  2:51  Marine, Refinery  
  29  2:59  Supply Depot  
  29  3:00  Supply Depot  
  29  3:03  Supply Depot  
  29  3:05  Marine  
  29  3:09  Marine  
  31  3:13  Factory  
  31  3:21  SCV  
  31  3:23  Marine  
  33  3:27  Marine  
  33  3:33  SCV  
  35  3:41  Marine  
  35  3:45  Barracks, Marine, SCV  
  38  3:52  Supply Depot  
  38  3:57  SCV  
  38  3:59  Refinery  
  39  4:09  SCV  
  40  4:13  Engineering Bay, Widow Mine  
  42  4:21  SCV  
  43  4:30  Supply Depot  
  43  4:34  Supply Depot  
  43  4:41  Widow Mine  
  43  4:43  Combat Shields  
  43  4:45  Barracks Reactor  
  45  4:51  Marine  
  46  5:00  Barracks Reactor  
  46  5:09  Marine  
  47  5:26  Marine  
  48  5:44  Marine  
  48  5:46  Marine x4  
  53  5:55  Command Center  
  53  5:58  SCV  
  53  6:02  Marine  
  53  6:03  Marine  
  53  6:04  Marine x3, Terran Infantry Weapons Level 1  
  56  6:10  SCV  
  60  6:11  Engineering Bay  
  60  6:20  Marine  
  60  6:21  Marine, Supply Depot  
  60  6:22  Marine x3  
  60  6:24  Supply Depot  
  65  6:38  Marine  
  65  6:39  Marine x3  
  67  6:40  Marine  
  70  6:56  Marine  
  71  7:16  Terran Infantry Armor Level 1  
  71  7:20  Armory  
  71  7:29  Starport  
  71  7:32  Starport  
  71  7:35  Starport  
  71  7:38  Marine  
  71  7:39  Marine x4  
  76  7:56  Marine  
  76  7:57  Marine x4  
  81  8:13  SCV  
  81  8:14  Marine  
  81  8:15  Marine x4, Command Center  
  81  8:16  Refinery  
  87  8:25  SCV  
  88  8:28  Starport Tech Lab x2  
  88  8:32  Marine x4  
  88  8:33  Marine  
  93  8:35  Starport Tech Lab  
  93  8:50  Marine  
  94  9:10  Terran Infantry Weapons Level 2  
  94  9:11  Terran Infantry Armor Level 2  
  94  9:21  Orbital Command  
  94  9:37  Missile Turret  
  94  9:39  Missile Turret  
  94  9:40  Missile Turret  
  94  9:46  Supply Depot  
  94  9:47  Supply Depot  
  94  9:49  Supply Depot  
  94  9:54  SCV  
  95  10:01  Orbital Command  
  95  10:05  Refinery  
  95  10:06  SCV  
  96  10:07  Banshee x3  
  105  10:18  SCV  
  106  10:22  Fusion Core  
  106  10:28  Terran Vehicle Weapons Level 1  
  106  10:30  SCV  
  106  10:31  SCV  
  108  10:43  SCV  
  109  10:50  Cloaking Field, Corvid Reactor, Banshee x2  
  109  10:51  Explosive Shrapnel Shells  
  115  11:03  Barracks  
  115  11:05  Barracks  
  115  11:10  SCV  
  116  11:22  SCV  
  117  11:30  SCV  
  118  11:34  SCV  
  118  11:38  Command Center  
  118  11:39  Barracks x2  
  119  11:42  SCV  
  119  11:46  SCV  
  121  11:54  SCV  
  121  11:59  SCV  
  123  12:05  Missile Turret  
  123  12:06  SCV  
  124  12:09  High Capacity Fuel Tanks  
  124  12:11  Missile Turret  
  124  12:12  Missile Turret  
  124  12:13  SCV  
  125  12:18  SCV  
  126  12:25  SCV  
  127  12:35  Terran Infantry Armor Level 3, Terran Infantry Weapons Level 3  
  127  12:38  SCV  
  127  12:39  Command Center  
  127  12:41  Marine  
  127  12:42  Marine x2, Refinery  
  127  12:43  Refinery  
  131  12:46  Barracks Reactor x2  
  131  12:50  SCV  
  132  13:02  SCV  
  132  13:03  Orbital Command  
  133  13:08  Barracks  
  133  13:09  Barracks  
  133  13:33  Missile Turret  
  133  13:38  Missile Turret  
  133  13:43  Missile Turret  
  133  13:57  Missile Turret  
  133  14:03  Missile Turret  
  133  14:12  Missile Turret  
  133  14:20  Orbital Command  
  133  14:39  Supply Depot  
  133  14:40  Supply Depot  
  133  14:41  Banshee x3  
  133  14:44  Refinery, Command Center  
  142  14:51  Fusion Core  
  142  15:12  Hi-Sec Auto Tracking  
  142  15:16  Command Center  
  142  15:24  Banshee x3  
  151  15:30  Behemoth Reactor  
  150  15:51  Command Center  
  150  16:06  Banshee  
  150  16:07  Banshee x2  
  153  16:27  Weapon Refit  
  148  16:49  Banshee  
  148  16:50  Banshee x2  
  148  16:53  Terran Vehicle And Ship Armor Level 1  
  100  17:32  Medivac  
  100  17:33  Medivac  
  83  17:50  Marine x2  
  83  17:51  Marine x5  
  77  18:37  Marine x4  
  80  18:47  Terran Ship Weapons Level 1  
  78  18:55  Marine x4  
  79  18:56  Viking  
  77  19:15  Marine x2, Supply Depot  
  76  19:18  Supply Depot, Orbital Command  
  76  19:30  Marine x2  
  60  19:32  Viking  
  60  19:33  Marine x2  
  52  19:48  Marine x2  
  52  19:51  Marine x2  
  56  20:02  Viking  
  56  20:06  Marine x2  
  54  20:12  Barracks  
  54  20:29  Starport  
  51  20:41  Terran Vehicle Weapons Level 2  
  50  20:53  Supply Depot  
  50  20:54  Supply Depot  
  15  21:50  Command Center  
  9  22:23  Supply Depot  
  6  22:38  Command Center  
  6  22:42  Supply Depot  
  6  22:44  Supply Depot  
  6  22:47  Supply Depot  
  6  22:59  Command Center  
  6  23:15  Command Center  
  6  23:19  Barracks  
Show
View Real Time Build Order
Export as new Build Order

Gracz Zerg - Winner!

Build Orders: Pool First 

Get SALT Encoding   

  12  0:05  Drone  
  13  0:16  Drone  
  13  0:17  Overlord  
  14  0:36  Spawning Pool  
  13  0:49  Drone x3  
  16  1:19  Extractor, Drone  
  16  1:20  Extractor, Drone  
  16  1:23  Hatchery  
  15  1:48  Drone x2  
  15  1:49  Drone  
  18  2:10  Queen  
  20  2:27  Drone x2  
  20  2:28  Overlord  
  22  2:55  Lair  
  22  3:00  Drone x3  
  22  3:04  Queen  
  27  3:06  Drone  
  27  3:07  Drone x2  
  30  3:30  Drone x3  
  30  3:31  Drone  
  30  3:33  Extractor, Drone  
  30  3:34  Drone x2  
  36  3:35  Extractor  
  35  4:00  Spire  
  34  4:05  Infestation Pit  
  33  4:13  Evolution Chamber  
  33  4:15  Drone x2  
  33  4:16  Drone  
  35  4:18  Evolution Chamber  
  34  4:32  Queen  
  34  4:36  Overlord x3  
  36  4:54  Queen  
  38  5:03  Drone x4  
  38  5:06  Hatchery  
  41  5:58  Drone x4  
  41  6:00  Drone x5  
  50  6:08  Hive  
  50  6:11  Zerg Melee Weapons Level 1  
  50  6:12  Zerg Ground Armor Level 1  
  50  6:19  Zerg Flyer Weapons Level 1  
  50  6:24  Drone  
  50  6:25  Queen  
  53  7:01  Queen  
  55  7:29  Adrenal Glands  
  55  7:40  Ultralisk Cavern  
  54  8:08  Zerg Ground Armor Level 2  
  54  8:09  Zerg Melee Weapons Level 2  
  54  8:21  Extractor, Drone x5  
  54  8:23  Extractor  
  57  8:31  Hatchery  
  56  9:43  Overlord x5  
  56  10:04  Drone x2  
  58  10:08  Chitinous Plating  
  58  10:28  Ultralisk x6  
  88  10:30  Overlord x2  
  88  10:31  Overlord x6  
  88  10:33  Overlord  
  88  10:35  Overlord  
  94  10:46  Drone  
  94  10:47  Drone  
  96  10:55  Extractor  
  96  10:56  Extractor  
  94  11:03  Drone x3  
  97  11:42  Corruptor  
  97  11:43  Corruptor x5  
  97  11:46  Ultralisk x9, Corruptor  
  165  11:55  Drone x4  
  165  11:56  Drone x2  
  165  12:01  Drone x5  
  176  12:20  Overlord x4  
  176  12:21  Overlord  
  176  12:44  Mutalisk  
  176  12:45  Mutalisk x2, Corruptor x3  
  188  12:52  Greater Spire  
  184  14:08  Brood Lord x7  
  184  14:09  Brood Lord  
  200  14:14  Overseer  
  200  14:16  Overseer  
  196  16:03  Mutalisk x2  
  188  16:41  Mutalisk  
  188  16:42  Mutalisk x6  
  136  17:58  Mutalisk  
  136  17:59  Mutalisk x7  
  136  18:00  Ultralisk  
  136  18:01  Ultralisk x3  
  144  18:45  Mutalisk  
  144  18:46  Mutalisk x6  
  158  19:44  Overseer x2  
  155  20:13  Mutalisk  
  155  20:14  Mutalisk x7  
  149  22:40  Mutalisk  
  149  22:41  Mutalisk x11  
Tags
 
Add a new tag
Caveats
  • Supply blocks, unpowered buildings, or Contaminate may cause inaccurate times.
  • Supply counts are checked every 10 seconds.